 Dungeon Crawl Stone Soup version 0.17-a0-2093-gc772f4b (webtiles) character file.

287446 Ordine the Impregnable (level 19, -7/185 HPs)
             Began as a Minotaur Fighter on Oct 16, 2015.
             Was the Champion of Okawaru.
             Mangled by an ettin simulacrum (16 damage)
             ... in an ice cave on Oct 17, 2015.
             The game lasted 04:11:25 (49270 turns).

Ordine the Impregnable (Minotaur Fighter)          Turns: 49270, Time: 04:11:26

Health: -7/185     AC: 31    Str: 27    XL:     19   Next: 86%
Magic:  25/25      EV: 14    Int:  5    God:    Okawaru [******]
Gold:   2081       SH: 15    Dex:  9    Spells: 3 memorised, 11 levels left

rFire  + + .     SeeInvis .     N - +6 eveningstar (freeze)
rCold  + . .     Clarity  .     O - +0 plate armour {rF+}
rNeg   . . .     SustAt   .     c - +1 shield
rPois  .         Gourm    .     h - +2 hat {MR+}
rElec  +         Spirit   .     R - +0 cloak {+Inv}
rCorr  .         Warding  .     g - +2 pair of gloves
rMut   .         Stasis   +     K - +2 pair of boots {Fly}
MR     ++++.                    G - amulet "Hieph" {Stasis rElec MR+ Dex-3}
Stlth  ..........               a - ring of protection from fire
                                y - ring of protection from cold

@: flying, incredibly resistant to hostile enchantments, extremely unstealthy
A: retaliatory headbutt, fangs 1, horns 2, magic resistance 1
a: Heroism, Finesse, Renounce Religion, Evoke Invisibility, Stop Flying
}: 2/15 runes: decaying, slimy


You were in an ice cave.
You worshipped Okawaru.
Okawaru was exalted by your worship.
You were hungry.

You visited 9 branches of the dungeon, and saw 43 of its levels.
You also visited: Labyrinth and Ice Cave.

You collected 4109 gold pieces.
You spent 2028 gold pieces at shops.

Inventory:

Hand Weapons
 N - a +6 eveningstar of freezing (weapon)
Armour
 c - a +1 shield (worn)
 g - a +2 pair of gloves (worn)
 h - a +2 hat of magic resistance (worn)
 K - a +2 pair of boots of flying (worn)
 O - a +0 plate armour of fire resistance (worn)
 R - a +0 cloak of invisibility (worn)
Jewellery
 a - a ring of protection from fire (right hand)
 s - an uncursed ring of protection from magic
 t - an uncursed ring of see invisible
 x - an uncursed amulet of resist mutation
 y - a ring of protection from cold (left hand)
 z - an uncursed ring of sustain attributes
 A - the amulet of Vitality {Regen+ HP+15}
   (You found it on level 2 of the Depths)

   [amulet of regeneration]

   It affects your health (+15).
   It increases your rate of regeneration.
 B - an uncursed ring of teleportation
 C - the ring "Ipigoir" {Fire +Inv rElec rPois}
   (You found it on level 6 of the Pits of Slime)

   [ring of fire]

   It enhances your fire magic, and weakens your ice magic.
   It protects you from fire.
   It makes you vulnerable to cold.
   It insulates you from electricity.
   It protects you from poison.
   It lets you turn invisible.
 G - the amulet "Hieph" (around neck) {Stasis rElec MR+ Dex-3}
   (You found it on level 8 of the Lair of Beasts)

   [amulet of stasis]

   It prevents you from being teleported, slowed, hasted or paralysed.
   It affects your dexterity (-3).
   It insulates you from electricity.
   It affects your resistance to hostile enchantments.
 L - an uncursed amulet of warding
Wands
 w - a wand of digging (11)
 E - a wand of teleportation (5)
Scrolls
 e - 6 scrolls of recharging
 f - a scroll of blinking
 i - 10 scrolls of teleportation
 l - 2 scrolls of magic mapping
 n - 3 scrolls of immolation
 o - 3 scrolls of identify
 r - 14 scrolls of remove curse
Potions
 j - 7 potions of agility
 k - 2 potions of haste
 m - 3 potions of resistance
 p - 2 potions of cancellation
Comestibles
 b - a beef jerky
 q - 7 fruits


   Skills:
 - Level 20.2 Fighting
 - Level 16.0 Maces & Flails
 - Level 21.0 Armour
 + Level 16.9 Dodging
 - Level 15.0 Shields
 - Level 10.0 Invocations


You had 11 spell levels left.
You knew the following spells:

 Your Spells              Type           Power        Failure   Level  Hunger
a - Regeneration          Chrm/Necr      #.........   100%        3    ####...
b - Repel Missiles        Chrm/Air       #.....       100%        2    ###....
c - Blink                 Tloc           N/A          100%        2    ###....


Dungeon Overview and Level Annotations

Branches:
Dungeon (15/15)            Temple (1/1) D:7            Lair (8/8) D:9
  Swamp (4/4) Lair:5        Snake (1/4) Lair:5        Slime (6/6) Lair:7
    Orc (4/4) D:12            Elf (2/3) Orc:3        Vaults (0/5) D:14
 Depths (2/5) D:15

Altars:
Ashenzari
Cheibriados
Dithmenos
Elyvilon
Fedhas
Gozag
Kikubaaqudgha
Makhleb
Nemelex Xobeh
Okawaru
Qazlal
Ru
Sif Muna
Trog
Vehumet
Xom
Yredelemnul
Zin
The Shining One
Jiyva

Shops:
D:9 !   D:10 [   D:13 (   Orc:4 [(?[

Portals:
Hell: Depths:1 Depths:2


Innate Abilities, Weirdness & Mutations

You reflexively headbutt those who attack you in melee.
You have a pair of horns on your head.
You have very sharp teeth.
You are resistant to hostile enchantments.


Message History

* * * LOW HITPOINT WARNING * * *
The golden dragon simulacrum freezes you!!
You resist.
* * * LOW HITPOINT WARNING * * *
The golden dragon simulacrum misses you.
You block the golden dragon simulacrum's attack.
Drink which item? (? for menu, Esc to quit)
Okay, then.
Unknown command.
Unknown command.
Unknown command.
Use which ability?
Okay, then.
You puncture the golden dragon simulacrum!
The golden dragon simulacrum vapourises!
Okawaru accepts your kill. The ettin simulacrum hits you.
* * * LOW HITPOINT WARNING * * *
The ettin simulacrum freezes you! You resist.
You die...

#..###§##
#.########
#..##§##.##
#.
##..§§§##}##
#..
##§§§§§§#.#
#.#
####§§#..#
#...###
##.##.#
#..#.#
####.#
#.Z@## #.##
##Z..# ##.#
###.## ##..#
##.###..##
#..##..##
##..§##.#
##....##
##..## ####


You could see an anaconda simulacrum and an ettin simulacrum.

Vanquished Creatures
  the royal jelly (Slime:6)
  Sojobo (Depths:2)
  the Lernaean hydra (Swamp:4)
  Rupert (Orc:4)
  20 acid blobs
  Gastronok (Orc:1)
  2 octopode crushers (Depths:1)
  2 tengu reavers (Depths:2)
  Kirke (D:13)
  A thorn hunter (Swamp:3)
  A storm dragon (Depths:2)
  3 azure jellies
  Maud (D:14)
  A frost giant (Depths:1)
  Louise (Swamp:3)
  3 war gargoyles (Depths:2)
  2 very ugly things
  4 stone giants (Depths:1)
  A deep elf annihilator (Elf:1)
  2 deep elf demonologists (Elf:1)
  A large abomination (Elf:1)
  A minotaur (Lab)
  Snorg (Lair:4)
  A blizzard demon (Depths:2)
  13 crystal guardians
  8 great orbs of eyes
  2 deep elf high priests (Elf:1)
  2 fire dragons
  3 death oozes (Slime:6)
  An ice dragon (D:15)
  The ghost of Arkorax the Fighter, a journeyman DsGl of Okawaru (Lair:1)
  Harold (Lair:4)
  A naga warrior (Snake:1)
  21 hydras
  A ghost crab (Swamp:3)
  5 centaur warriors
  4 merfolk avatars (Swamp:4)
  4 anacondas
  26 dancing weapons
  3 ogre magi
  6 alligators
  A tengu warrior (D:13)
  2 orc high priests
  A small abomination (Elf:1)
  6 death yaks (Lair:6)
  A sun demon (Depths:1)
  A shock serpent (Snake:1)
  Nergalle (Lair:3)
  18 deep elf knights
  A skeletal warrior (D:14)
  3 giant orange brains
  10 swamp dragons
  An unseen horror (D:12)
  A spriggan druid (Swamp:3)
  6 hill giants
  2 naga ritualists (Snake:1)
  2 deep trolls (Orc:4)
  4 ice statues
  6 deep elf summoners
  2 obsidian statues
  2 orc knights
  2 shambling mangroves
  An anubis guard (shapeshifter) (Depths:2)
  A harpy (shapeshifter) (Depths:2)
  3 orc sorcerers
  A wizard (Depths:1)
  10 deep elf conjurers
  4 mana vipers (Snake:1)
  A cyclops (shapeshifter) (Depths:2)
  A salamander (Snake:1)
  A salamander (shapeshifter) (Depths:1)
  A manticore (D:11)
  26 ugly things
  A faun (shapeshifter) (Depths:2)
  2 shining eyes
  16 elephants
  6 cyclopes
  Maurice (D:8)
  The ghost of ulrikemeinhof the Magician, a novice DESu of Vehumet (D:12)
  Joseph (D:7)
  2 torpor snails
  2 black mambas (shapeshifter) (Depths:2)
  30 spiny frogs
  7 gargoyles
  16 black mambas
  2 eyes of devastation
  3 molten gargoyles (Depths:2)
  3 fire drakes
  6 komodo dragons
  4 kobold demonologists (D:15)
  A fire drake (shapeshifter) (Depths:2)
  4 yaktaurs (Depths:1)
  A golden dragon simulacrum (IceCv)
  6 giant leeches
  2 anaconda simulacra (IceCv)
  4 deep elf priests
  A merfolk (D:13)
  A tengu conjurer (D:13)
  11 two-headed ogres
  4 freezing wraiths
  13 trolls
  A merfolk (shapeshifter) (Depths:2)
  A two-headed ogre (shapeshifter) (Depths:2)
  A boulder beetle (Lair:8)
  71 slime creatures
  2 tarantellas (shapeshifter) (Depths:2)
  3 raiju (Depths:2)
  2 wind drakes (Depths:2)
  7 air elementals (Depths:2)
  A vampire (D:15)
  2 trapdoor spiders
  27 blink frogs
  14 deep elf magi
  5 wyverns
  8 fire elementals
  3 wraiths
  A spriggan (Swamp:3)
  2 hungry ghosts
  11 water elementals
  20 deep elf fighters
  Eustachio (D:4)
  10 hippogriffs
  5 basilisks
  13 golden eyes
  Grum (D:8)
  16 vampire mosquitoes
  62 yaks
  A human (D:13)
  7 insubstantial wisps
  5 hogs (D:13)
  A golden eye (shapeshifter) (Depths:2)
  33 swamp worms
  A death yak simulacrum (IceCv)
  7 nagas
  2 wargs (Orc:2)
  7 wolves
  2 soldier ants (shapeshifter)
  A hydra simulacrum (IceCv)
  17 orc warriors
  3 black bears
  14 swamp drakes
  23 water moccasins
  An ice beast (D:8)
  4 sky beasts
  2 necrophages
  7 eyes of draining
  12 porcupines
  39 ogres
  6 wasps
  A boggart (D:14)
  13 centaurs
  15 crocodiles
  A brain worm (D:14)
  35 giant frogs
  14 big kobolds
  6 earth elementals (Depths:2)
  A wyvern zombie (D:10)
  15 killer bees
  11 wights
  A wyvern skeleton (D:14)
  A killer bee (shapeshifter) (Depths:2)
  3 scorpions
  An elephant simulacrum (IceCv)
  2 vampire bats (Orc:1)
  10 electric eels
  37 jellies
  A wasp zombie (D:9)
  3 crimson imps
  A centaur zombie (D:12)
  9 hounds
  6 centaur skeletons
  A quasit (D:7)
  2 giant frog skeletons
  2 iron imps
  2 draconian simulacra (IceCv)
  18 orc priests
  30 orc wizards
  Natasha (thrice) (D:2)
  13 iguanas
  A spriggan simulacrum (IceCv)
  17 worker ants
  A polar bear simulacrum (IceCv)
  2 troll simulacra (IceCv)
  5 sheep (Lair:6)
  A centaur simulacrum (IceCv)
  A hound zombie (D:9)
  2 hound skeletons
  7 adders
  74 river rats
  2 naga simulacra (IceCv)
  6 shadow imps
  7 gnolls
  5 white imps
  2 ufetubi (IceCv)
  2 oozes
  2 adder skeletons
  5 worms
  7 giant geckos
  155 orcs
  2 giant cockroaches
  8 goblins
  7 hobgoblins
  11 jackals
  7 quokkas
  2 ball pythons
  20 bats
  2 giant newts
  54 kobolds
  11 rats
  A butterfly (Lair:8)
  9 fungi
  2 plants (Lair:6)
1613 creatures vanquished.

Vanquished Creatures (collateral kills)
  A fire drake (Lair:6)
  A fire elemental (Lair:6)
2 creatures vanquished.

Vanquished Creatures (others)
  9 ball lightnings
  2 wind drakes (Depths:2)
  A redback (shapeshifter) (Depths:2)
  A human (D:13)
  A steam dragon (shapeshifter) (Depths:2)
  A black bear (shapeshifter) (Depths:2)
  A river rat (D:9)
  2 white imps (IceCv)
  An ufetubus (IceCv)
  An orc (Orc:3)
  6 briar patches (Swamp:3)
  16 fungi
  13 plants
55 creatures vanquished.

Grand Total: 1670 creatures vanquished

Notes
Turn   | Place    | Note
--------------------------------------------------------------
     0 | D:1      | Ordine the Minotaur Fighter began the quest for the Orb.
     0 | D:1      | Reached XP level 1. HP: 19/19 MP: 0/0
    48 | D:1      | Reached XP level 2. HP: 20/26 MP: 1/1
   445 | D:1      | Reached skill level 4 in Maces & Flails
   593 | D:2      | Reached XP level 3. HP: 29/31 MP: 2/2
   756 | D:2      | Found an ancient bone altar of Kikubaaqudgha.
   846 | D:2      | Found an iron altar of Okawaru.
   868 | D:2      | Became a worshipper of Warmaster Okawaru
   986 | D:2      | Noticed Natasha
  1001 | D:2      | Killed Natasha
  1001 | D:2      | Reached skill level 5 in Maces & Flails
  1001 | D:2      | Reached XP level 4. HP: 36/39 MP: 3/3
  1256 | D:2      | Noticed Natasha
  1265 | D:2      | Killed Natasha
  1412 | D:2      | Noticed Natasha
  1422 | D:2      | Killed Natasha
  1446 | D:3      | Found a radiant altar of Vehumet.
  1556 | D:3      | Found a faded altar to an unknown god.
  1625 | D:3      | Reached skill level 6 in Maces & Flails
  1773 | D:3      | Found an opulent altar of Gozag.
  1927 | D:3      | Reached XP level 5. HP: 39/45 MP: 4/4
  1997 | D:3      | Noticed a big kobold
  2000 | D:3      | Noticed a big kobold
  2001 | D:3      | Noticed a big kobold
  2003 | D:3      | Noticed a big kobold
  2015 | D:3      | Killed a big kobold
  2015 | D:3      | Reached skill level 7 in Maces & Flails
  2023 | D:3      | Killed a big kobold
  2023 | D:3      | Reached * piety under Okawaru
  2023 | D:3      | Reached XP level 6. HP: 30/51 MP: 5/5
  2029 | D:3      | Killed a big kobold
  2029 | D:3      | Reached skill level 8 in Maces & Flails
  2108 | D:3      | Killed a big kobold
  2322 | D:3      | Noticed a big kobold
  2333 | D:3      | Killed a big kobold
  2333 | D:3      | Reached ** piety under Okawaru
  2333 | D:3      | Reached skill level 9 in Maces & Flails
  2333 | D:3      | Reached XP level 7. HP: 49/57 MP: 6/6
  2917 | D:4      | Noticed Eustachio
  2933 | D:4      | Killed Eustachio
  2933 | D:4      | Reached skill level 10 in Maces & Flails
  3091 | D:4      | Got an iridescent hand axe
  3108 | D:4      | Identified the +8 hand axe "Death Rattle" {freeze, rF+} (You found it on level 4 of the Dungeon)
  3150 | D:4      | Found a blossoming altar of Fedhas.
  3522 | D:4      | Found a burning altar of Makhleb.
  3534 | D:4      | Found a glowing silver altar of Zin.
  3534 | D:4      | Noticed an angel
  3535 | D:4      | Noticed a cacodemon
  3661 | D:5      | Entered Level 5 of the Dungeon
  3829 | D:5      | Reached skill level 11 in Maces & Flails
  3829 | D:5      | Reached XP level 8. HP: 12/64 MP: 7/7
  4475 | D:6      | Reached skill level 12 in Maces & Flails
  4522 | D:6      | Reached *** piety under Okawaru
  4805 | D:6      | Found a sacrificial altar of Ru.
  4808 | D:6      | Reached skill level 13 in Maces & Flails
  5000 | D:7      | Found a basalt altar of Yredelemnul.
  5050 | D:7      | Noticed Joseph
  5069 | D:7      | Killed Joseph
  5069 | D:7      | Reached **** piety under Okawaru
  5069 | D:7      | Reached skill level 14 in Maces & Flails
  5069 | D:7      | Reached XP level 9. HP: 6/70 MP: 8/8
  6065 | D:7      | Reached skill level 15 in Maces & Flails
  6068 | D:7      | Got a twisted short sword {pierce}
  6070 | D:7      | Identified the +6 short sword of Premature Burial {pierce, *Contam +Rage Str-2 Dex+4} (You took it off a wight on level 7 of the Dungeon)
  6073 | D:7      | Found a staircase to the Ecumenical Temple.
  6086 | Temple   | Entered the Ecumenical Temple
  6711 | D:8      | Reached skill level 16 in Maces & Flails
  6742 | D:8      | Reached ***** piety under Okawaru
  6742 | D:8      | Reached XP level 10. HP: 28/80 MP: 9/9
  7013 | D:8      | Reached skill level 5 in Fighting
  7020 | D:8      | Found a snail-covered altar of Cheibriados.
  7079 | D:8      | Noticed Grum
  7097 | D:8      | Killed Grum
  7556 | D:8      | Noticed Maurice
  7573 | D:8      | Killed Maurice
  7618 | D:9      | Found Jeotul's Distillery.
  7632 | D:9      | Received a gift from Okawaru
  7680 | D:9      | Bought a potion of invisibility for 120 gold pieces
  7680 | D:9      | Bought a potion of ambrosia for 120 gold pieces
  7680 | D:9      | Bought a potion of agility for 60 gold pieces
  7805 | D:9      | Found a staircase to the Lair.
  7883 | D:9      | Reached skill level 10 in Fighting
  8037 | D:9      | Found a shimmering altar of Xom.
  8037 | D:9      | Found a shadowy altar of Dithmenos.
  8090 | D:9      | Reached skill level 5 in Armour
  8214 | D:9      | Found a glowing golden altar of the Shining One.
  8214 | D:9      | Found a bloodstained altar of Trog.
  8273 | D:9      | Found a bloodstained altar of Trog.
  8384 | Lair:1   | Entered Level 1 of the Lair of Beasts
  8384 | Lair:1   | Noticed Arkorax's ghost (journeyman DsGl)
  8420 | Lair:1   | Killed Arkorax's ghost
  8421 | Lair:1   | Reached XP level 11. HP: 26/99 MP: 10/10
  9744 | Lair:2   | Reached skill level 10 in Armour
  9904 | Lair:2   | Reached skill level 1 in Invocations
 10565 | Lair:2   | Noticed a five-headed hydra
 10570 | Lair:2   | Noticed a four-headed hydra
 10584 | Lair:2   | Killed a five-headed hydra
 10584 | Lair:2   | Reached skill level 5 in Invocations
 10596 | Lair:2   | Killed a four-headed hydra
 10596 | Lair:2   | Received a gift from Okawaru
 10850 | Lair:2   | Got a brightly glowing steam dragon armour {god gift}
 10861 | Lair:2   | Identified the +1 steam dragon armour of the Sturgeon {Int-2 Dex+5} (Okawaru gifted it to you on level 2 of the Lair of Beasts)
 11330 | Lair:3   | Reached ****** piety under Okawaru
 11615 | Lair:3   | Noticed a four-headed hydra
 11627 | Lair:3   | Killed a four-headed hydra
 11627 | Lair:3   | Reached XP level 12. HP: 62/106 MP: 11/17
 12030 | Lair:3   | Noticed an eight-headed hydra
 12115 | Lair:3   | Killed an eight-headed hydra
 12309 | Lair:3   | Noticed Nergalle
 12329 | Lair:3   | Killed Nergalle
 12513 | Lair:4   | Noticed Harold
 12535 | Lair:4   | Killed Harold
 12535 | Lair:4   | Reached skill level 5 in Shields
 12588 | Lair:4   | Noticed a seven-headed hydra
 12596 | Lair:4   | Killed a seven-headed hydra
 12596 | Lair:4   | Reached skill level 10 in Invocations
 12678 | Lair:4   | Noticed Snorg
 12685 | Lair:4   | Killed Snorg
 12685 | Lair:4   | Received a gift from Okawaru
 12989 | Lair:4   | Noticed an anaconda
 12996 | Lair:4   | Killed an anaconda
 13309 | Lair:4   | Reached skill level 10 in Shields
 13995 | Lair:5   | Noticed a five-headed hydra
 14009 | Lair:5   | Killed a five-headed hydra
 14039 | Lair:5   | Found a staircase to the Swamp.
 14048 | Lair:5   | Reached XP level 13. HP: 90/116 MP: 19/19
 14408 | Lair:5   | Found a staircase to the Snake Pit.
 15068 | Lair:5   | Received a gift from Okawaru
 15292 | Lair:5   | Got a jewelled flail {god gift}
 15297 | Lair:5   | Identified the +4 flail "Spiderbane" {vamp, Int+2} (Okawaru gifted it to you on level 5 of the Lair of Beasts)
 17079 | Lair:7   | Reached skill level 15 in Fighting
 17109 | Lair:7   | Found a viscous altar of Jiyva.
 17111 | Lair:7   | Found a staircase to the Slime Pits.
 17190 | Lair:7   | Received a gift from Okawaru
 17479 | Lair:8   | Entered Level 8 of the Lair of Beasts
 17911 | Lair:8   | Reached XP level 14. HP: 125/135 MP: 20/20
 18113 | Lair:8   | Received a gift from Okawaru
 18985 | Lair:8   | Learned a level 3 spell: Regeneration
 18988 | Lair:8   | Got a smoking tin amulet
 18989 | Lair:8   | Identified the amulet "Hieph" {Stasis rElec MR+ Dex-3} (You found it on level 8 of the Lair of Beasts)
 19499 | D:10     | Entered Level 10 of the Dungeon
 19725 | D:10     | Found Velaim's Armour Emporium.
 19731 | D:10     | Bought a +0 pair of gloves for 67 gold pieces
 19847 | D:10     | Found an iron altar of Okawaru.
 19905 | D:10     | Got an ichor-stained robe
 19916 | D:10     | Identified the +0 robe "Inwafuih" {*Drain rF+++ MR+ rCorr} (You found it on level 10 of the Dungeon)
 20477 | D:11     | Reached skill level 15 in Shields
 21079 | D:12     | Noticed ulrikemeinhof's ghost (novice DESu)
 21117 | D:12     | Killed ulrikemeinhof's ghost
 21203 | D:12     | Found a staircase to the Orcish Mines.
 21353 | D:12     | Received a gift from Okawaru
 22699 | Orc:1    | Entered Level 1 of the Orcish Mines
 22713 | Orc:1    | Noticed Gastronok
 22745 | Orc:1    | Killed Gastronok
 23646 | Orc:3    | Found a staircase to the Elven Halls.
 24164 | Orc:3    | Learned a level 2 spell: Repel Missiles
 24167 | Orc:3    | Learned a level 2 spell: Blink
 24188 | Orc:3    | Got a twisted hat
 24190 | Orc:3    | Got an ancient hat
 24190 | Orc:3    | Got a crude robe
 24204 | Orc:3    | Identified the +3 hat of the Republic {+Inv rCorr Str-5 Int+2} (You found it on level 3 of the Orcish Mines)
 24214 | Orc:3    | Identified the +1 hat of Springtime {rF- Str+7} (You found it on level 3 of the Orcish Mines)
 24224 | Orc:3    | Identified the +0 robe "Eceosk" {*Contam MP+9 Str+3 Dex-2} (You found it on level 3 of the Orcish Mines)
 24264 | Orc:3    | Gained mutation: You are clumsy. (Dex -2) [mutagenic glow]
 24565 | Orc:4    | Entered Level 4 of the Orcish Mines
 24845 | Orc:4    | Reached XP level 15. HP: 57/146 MP: 21/21
 24858 | Orc:4    | Reached skill level 17 in Fighting
 24980 | Orc:4    | Found Bagaxero's Antique Armour Shop.
 25005 | Orc:4    | Found Aruepodgh's Weapon Shop.
 25019 | Orc:4    | Found Qaraz's Armour Shoppe.
 25241 | Orc:4    | Bought a glowing cloak for 121 gold pieces
 25256 | Orc:4    | Found Xurou's Magic Scroll Boutique.
 25313 | Orc:4    | Bought a scroll of brand weapon for 200 gold pieces
 25313 | Orc:4    | Bought a scroll of random uselessness for 10 gold pieces
 25313 | Orc:4    | Bought a scroll of identify for 20 gold pieces
 25313 | Orc:4    | Bought a scroll of identify for 20 gold pieces
 25646 | Orc:4    | Noticed Rupert
 25671 | Orc:4    | Killed Rupert
 25671 | Orc:4    | Reached skill level 18 in Fighting
 26001 | D:9      | Bought 2 potions of beneficial mutation for 1050 gold pieces
 26001 | D:9      | Bought a potion of curing for 45 gold pieces
 26001 | D:9      | Bought 2 potions of heal wounds for 150 gold pieces
 26001 | D:9      | Bought a potion of curing for 45 gold pieces
 26001 | D:9      | Gained mutation: Your natural rate of healing is unusually fast. [potion of beneficial mutation]
 26002 | D:9      | Gained mutation: You are partially covered in molten scales (AC +1). [potion of beneficial mutation]
 26003 | D:9      | Lost mutation: You are clumsy. (Dex -2) [potion of cure mutation]
 26003 | D:9      | Lost mutation: You are partially covered in molten scales (AC +1). [potion of cure mutation]
 26406 | D:13     | Found Effaulod's Antique Weapon Shoppe.
 26415 | D:13     | Received a gift from Okawaru
 26549 | D:13     | Found a labyrinth entrance.
 26554 | Lab      | Entered a labyrinth
 26717 | Lab      | Got a translucent ice dragon armour
 26751 | Lab      | Identified the +4 ice dragon armour "Gihux" {rPois rF- rC++ Int+5} (You found it in a labyrinth)
 27165 | D:13     | Noticed Kirke
 27192 | D:13     | Killed Kirke
 27192 | D:13     | Reached skill level 19 in Fighting
 27454 | D:14     | Got a sparkling iron ring
 27456 | D:14     | Identified the ring of Ygoastrut {Int+2 Dex+3} (You found it on level 14 of the Dungeon)
 27771 | D:14     | Noticed Maud
 27790 | D:14     | Killed Maud
 27889 | D:14     | Reached skill level 20 in Fighting
 27942 | D:14     | Found a gate to the Vaults.
 27977 | D:15     | Entered Level 15 of the Dungeon
 28028 | D:15     | Received a gift from Okawaru
 28287 | D:15     | Reached skill level 1 in Dodging
 28685 | D:15     | Found a staircase to the Depths.
 29222 | Elf:1    | Entered Level 1 of the Elven Halls
 29292 | Elf:1    | Reached XP level 16. HP: 163/163 MP: 22/22
 29422 | Elf:1    | Reached skill level 5 in Dodging
 29464 | Elf:1    | Identified Iskenderun's Reference Book on Igneous Confrontation
 29776 | Elf:1    | Noticed a Brimstone Fiend
 29845 | Elf:1    | Noticed a Shadow Fiend
 29853 | Elf:1    | Noticed an Executioner
 29889 | Elf:1    | HP: 3/163 [deep elf knight/spray of energy (24)]
 30313 | Elf:1    | Received a gift from Okawaru
 30830 | Elf:2    | Found a runed gate.
 30892 | Elf:2    | Reached skill level 10 in Dodging
 31007 | Elf:2    | Found a runed gate.
 31009 | Elf:2    | Found a runed gate.
 32591 | Swamp:1  | Entered Level 1 of the Swamp
 32701 | Swamp:1  | Received a gift from Okawaru
 32704 | Swamp:1  | Got a brightly glowing hat {god gift}
 32715 | Swamp:1  | Identified the +1 hat of Okawaru's Castigation {+Fly} (Okawaru gifted it to you on level 1 of the Swamp)
 32995 | Swamp:1  | Got a steaming chain mail
 32996 | Swamp:1  | Identified the +2 chain mail of Integrity {rElec Int+4 Dex+2 Stlth+} (You found it on level 1 of the Swamp)
 33414 | Swamp:2  | Reached XP level 17. HP: 161/170 MP: 23/23
 34170 | Swamp:2  | HP: 8/170 [poison (poison gas)]
 35041 | Swamp:4  | Entered Level 4 of the Swamp
 35374 | Swamp:4  | Noticed Louise
 35381 | Swamp:4  | Reached skill level 15 in Armour
 35676 | Swamp:3  | Killed Louise
 36006 | Swamp:4  | Noticed the 27-headed Lernaean hydra
 36030 | Swamp:4  | Killed the 27-headed Lernaean hydra
 36097 | Swamp:4  | HP: 8/170 [poisoned by a swamp dragon (poison gas)]
 36102 | Swamp:4  | HP: 8/170 [poisoned by a swamp dragon (poison gas)]
 36107 | Swamp:4  | HP: 8/170 [poisoned by a swamp dragon (poison gas)]
 37174 | Swamp:4  | Got a decaying rune of Zot
 37785 | Depths:1 | Entered Level 1 of the Depths
 37903 | Depths:1 | Received a gift from Okawaru
 37909 | Depths:1 | Got a bloodstained cloak {god gift}
 37931 | Depths:1 | Identified the +1 cloak "Hose" {rF- rCorr Stlth+} (Okawaru gifted it to you on level 1 of the Depths)
 37997 | Depths:1 | Found a gateway to Hell.
 39188 | Depths:1 | Reached XP level 18. HP: 115/178 MP: 24/24
 40060 | Depths:2 | Gained mutation: You are resistant to hostile enchantments. [potion of mutation]
 40060 | Depths:2 | Gained mutation: You have very sharp teeth. [potion of mutation]
 40060 | Depths:2 | Gained mutation: Scrolls take you a little longer to read. [potion of mutation]
 40061 | Depths:2 | Gained mutation: You are covered in fur (AC +1). [potion of mutation]
 40061 | Depths:2 | Gained mutation: Armour fits poorly on your strangely shaped body. [potion of mutation]
 40256 | Depths:2 | Noticed Sojobo
 40999 | Depths:2 | Killed Sojobo
 40999 | Depths:2 | Received a gift from Okawaru
 41009 | Depths:2 | Gained mutation: You are partially covered in thin metallic scales (AC +2). [potion of mutation]
 41009 | Depths:2 | Gained mutation: You are partially covered in molten scales (AC +1). [potion of mutation]
 41784 | Depths:2 | Lost mutation: Scrolls take you a little longer to read. [potion of cure mutation]
 41784 | Depths:2 | Lost mutation: Armour fits poorly on your strangely shaped body. [potion of cure mutation]
 41784 | Depths:2 | Lost mutation: You are covered in fur (AC +1). [potion of cure mutation]
 41784 | Depths:2 | Lost mutation: You are partially covered in molten scales (AC +1). [potion of cure mutation]
 41784 | Depths:2 | Lost mutation: You are partially covered in thin metallic scales (AC +2). [potion of cure mutation]
 41784 | Depths:2 | Lost mutation: Your natural rate of healing is unusually fast. [potion of cure mutation]
 41804 | Depths:2 | Reached skill level 21 in Armour
 42239 | Depths:2 | Identified the Volume of Good Luck and the Frostbite
 42856 | Slime:1  | Entered Level 1 of the Pits of Slime
 44917 | Slime:3  | Reached XP level 19. HP: 164/185 MP: 25/25
 45107 | Slime:6  | Entered Level 6 of the Pits of Slime
 45660 | Slime:1  | Gained mutation: You are clumsy. (Dex -2) [a shining eye]
 46680 | Slime:6  | Received a gift from Okawaru
 46887 | Slime:6  | Reached skill level 15 in Dodging
 46929 | Slime:6  | Noticed the royal jelly
 47443 | Slime:6  | Found a viscous altar of Jiyva.
 47493 | Slime:6  | Killed the royal jelly
 47497 | Slime:6  | HP: 9/185 [acid[the royal jelly] (3)]
 48048 | Slime:6  | Identified the Almanac of Feathers
 48090 | Slime:6  | Identified Borgnjor's Disquisition on Sinister Rituals
 48147 | Slime:6  | Got an encrusted scale mail
 48155 | Slime:6  | Identified the +5 scale mail "Degg" {rN+ MR+ Dex+3} (You found it on level 6 of the Pits of Slime)
 48238 | Slime:6  | Gained mutation: You are frail (-10% HP). [potion of mutation]
 48238 | Slime:6  | Lost mutation: You are frail (-10% HP). [potion of mutation]
 48238 | Slime:6  | Lost mutation: You are clumsy. (Dex -2) [potion of mutation]
 48252 | Slime:6  | Got a brightly glowing battleaxe
 48253 | Slime:6  | Identified the +8 battleaxe "Atot" {freeze, Int+3} (You found it on level 6 of the Pits of Slime)
 48258 | Slime:6  | Got a shimmering bone ring
 48259 | Slime:6  | Identified the ring "Ipigoir" {Fire +Inv rElec rPois} (You found it on level 6 of the Pits of Slime)
 48285 | Slime:6  | Got a slimy rune of Zot
 48696 | Snake:1  | Entered Level 1 of the Snake Pit
 48882 | Snake:1  | Found a frozen archway.
 48908 | IceCv    | Entered an ice cave
 49269 | IceCv    | HP: 9/185 [golden dragon simulacrum (22)]
 49270 | IceCv    | Mangled by an ettin simulacrum

Vault maps used:
D:1:      eino_arrival_cavern_a, hex_medium
D:2:      kiku_gazebo_garden_becter, okawaru_altar_gauntlet_db, uniq_natasha
D:3:      minmay_goblin_kobold_castle, old_standard_altar,
          vehumet_altar_wand_db, ecumenical_altar_2
D:4:      grunt_temple_overflow_order_and_chaos_2,
          nicolae_overflow_hidden_temple, first_bread, uniq_eustachio
D:6:      nicolae_ru_awakened_eye
D:7:      overflow_temple_1_default, temple_hall, uniq_joseph
D:8:      black_bear_nest_2, slow_altar_1, uniq_maurice, uniq_grum
D:9:      gammafunk_temple_overflow_wave, gammafunk_temple_overflow_pools,
          due_lair_maze_entry_diamond, serial_shops, shop_fountains, basic_altar
D:10:     serial_shops, nicolae_shop_behind_doors, basic_altar
D:11:     minmay_statue_hallways, statue_in_the_mist_lemuel
D:12:     orc_0_dummy
D:13:     lab_entry_generic, serial_shops, shop, hangedman_stone_soup,
          uniq_kirke
D:14:     hangedman_vaults_entry_quadrant_bands, uniq_maud
D:15:     grunt_enter_depths_hoard, minivault_23, hangedman_decor_growths
Temple:   hc_temple_tempest_star_small
Lair:1:   small_statue_intersection, serial_bayou_shore_b, grunt_megastairs_2,
          infiniplex_staircase_pool_2
Lair:2:   serial_bayou_pond_b, minivault_27
Lair:3:   uniq_nergalle
Lair:4:   beast_lair_carwin_large_3, st_stairs_9, grunt_megastairs_3,
          lemuel_fruit_fields, uniq_harold, uniq_snorg
Lair:5:   nicolae_swamp_entry_splash_gauntlet,
          minmay_snake_entry_guardpost_small
Lair:6:   grunt_megastairs_4, serial_bayou_shore_a
Lair:7:   slime_altar_1, serial_bayou_pond_d
Lair:8:   minmay_lair_end_frog_pond, minmay_stone_trees_small,
          lemuel_fruit_fields, lemuel_fruit_tree
Swamp:1:  evilmike_swamp_ruin_house_3, swamp_pool3, hangedman_swamp_wriggling
Swamp:2:  serial_swamp_ruin, evilmike_swamp_ruin_house_2,
          evilmike_swamp_ruin_house_5
Swamp:3:  evilmike_swamp_ruin_rubble_1
Swamp:4:  swamp_old_school, grunt_lady_of_the_lake, uniq_louise
Snake:1:  portal_ice_cave_entry_frozen_things, serial_bayou_shore_b,
          serial_bayou_shore_b
Slime:2:  cheibrodos_slime_lost_civilization_6
Slime:3:  nicolae_slime_phagocytosis
Slime:4:  cheibrodos_slime_lost_civilization_3,
          cheibrodos_slime_lost_civilization_4
Orc:1:    abandoned_shop, roderic_batcave, uniq_gastronok
Orc:3:    nicolae_orc_pool_cavern, hangedman_minor_magic
Orc:4:    st_orc_open, uniq_rupert
Elf:1:    eino_elf_arrival_sip, orc_legates, minmay_elf_annihilation
Depths:1: pf_vacation_house_of_asmodeus, serial_bayou_pond_a, hex_tiny,
          kennysheep_two_boxes
Depths:2: radiant_caverns_a_rkd, hell_entry, serial_shops, uniq_sojobo
Lab:      labyrinth_watery, labyrinth_fake_exit, nicolae_lab_stuck
IceCv:    ice_cave_caverns_02

Action                   |  1- 3 |  4- 6 |  7- 9 | 10-12 | 13-15 | 16-18 | 19-21 || total
-------------------------+-------+-------+-------+-------+-------+-------+-------++-------
Melee: Flail             |   108 |   145 |    50 |       |  2177 |   202 |       ||  2682
       Hand axe          |       |       |   177 |       |       |       |       ||   177
       Morningstar       |       |       |    76 |   929 |   106 |       |       ||  1111
       Eveningstar       |       |       |       |       |       |  1466 |   506 ||  1972
Invok: Finesse           |       |       |       |     7 |     5 |     9 |     1 ||    22
       Heroism           |       |       |       |     2 |     5 |     5 |     1 ||    13
 Abil: Evoke Flight      |       |       |       |       |       |     3 |       ||     3
       Evoke Invisibilit |       |       |       |       |       |     1 |       ||     1
       Stop Flying       |       |       |       |       |       |     1 |       ||     1
Evoke: Wand              |       |       |       |       |     3 |     3 |     8 ||    14
  Use: Scroll            |     8 |       |     4 |     7 |    18 |    20 |    11 ||    68
       Potion            |     1 |       |       |     4 |     8 |    28 |     3 ||    44
 Stab: Distracted        |       |       |       |       |       |     1 |       ||     1
  Eat: Chunk             |       |     5 |    14 |    27 |    52 |    19 |     2 ||   119
       Fruit             |       |       |       |       |     5 |    23 |     2 ||    30
       Bread ration      |       |       |       |       |     2 |     1 |       ||     3
       Meat ration       |       |       |       |       |     1 |     1 |       ||     2
       Beef jerky        |       |       |       |       |     1 |     3 |       ||     4
       Pizza             |       |       |       |       |       |     1 |       ||     1
       Royal jelly       |       |       |       |       |       |       |     5 ||     5
